 Dungeon Crawl Stone Soup version 0.29-a0-321-gf1c400731a (webtiles) character file.

Game seed: 2479949612139298805

2015 knvklrw the Covert (level 9, -3/39 HPs)
             Began as a Spriggan Enchanter on Apr 4, 2022.
             Was an Initiate of Dithmenos.
             Engulfed by a cloud of flame (13 damage)
             ... on level 7 of the Dungeon.
             The game lasted 00:19:03 (7595 turns).

knvklrw the Covert (Spriggan Enchanter)             Turns: 7595, Time: 00:19:04

Health: -3/39      AC:  4    Str:  8    XL:     9   Next: 2%
Magic:  16/23      EV: 17    Int: 16    God:    Dithmenos [......]
Gold:   154        SH:  0    Dex: 16    Spells: 15/26 levels left

rFire   + . .      SeeInvis +   g - +2 dagger (drain)
rCold   . . .      Faith    .   (no shield)
rNeg    . . .      Spirit   .   b - +1 robe
rPois   +          Reflect  .   (helmet restricted)
rElec   .          Harm     .   o - +0 cloak
rCorr   .          Rampage  .   (gloves unavailable)
Will    +....                   (boots unavailable)
Stlth   ++........              (no amulet)
HPRegen 0.13/turn               r - ring of protection from fire
MPRegen 0.18/turn               e - ring of poison resistance

@: mighty, lit by a corona, glowing, very quick
A: very small, no large weapons, unfitting armour, see invisible, speed 3
a: Renounce Religion


You were on level 7 of the Dungeon.
You worshipped Dithmenos.
Dithmenos was noncommittal.
You visited 2 branches of the dungeon, and saw 8 of its levels.

You collected 224 gold pieces.
You spent 70 gold pieces at shops.

Inventory:

Hand Weapons
 a - a +1 dagger
 g - a +2 dagger of draining (weapon)
 i - a +2 short sword of speed
Missiles
 h - 10 poisoned darts (quivered)
Armour
 b - a +1 robe (worn)
 o - a +0 cloak (worn)
Jewellery
 e - a ring of poison resistance (right hand)
 r - a ring of protection from fire (left hand)
Wands
 n - a wand of polymorph (4)
Scrolls
 d - 3 scrolls of blinking
 m - a scroll of magic mapping
 q - a scroll of fog
Potions
 c - 3 potions of invisibility
 f - a potion of flight
 j - a potion of might
 k - a potion of lignification
 l - a potion of heal wounds {unknown}
 p - a potion of cancellation {unknown}


   Skills:
 - Level 1.1 Short Blades
 - Level 2.6 Dodging
 + Level 10.5 Stealth
 + Level 9.0 Spellcasting
 + Level 9.3 Hexes


You had 15 spell levels left.
You knew the following spells:

 Your Spells              Type           Power      Damage    Failure   Level
a - Ensorcelled Hibernat  Hex/Ice        44%        N/A       2%          2
b - Tukima's Dance        Hex            37%        N/A       1%          3
c - Dazzling Flash        Conj/Hex       44%        N/A       4%          3
d - Confusing Touch       Hex            37%        N/A       1%          3

Your spell library contained the following spells:

 Spells                   Type           Power      Damage    Failure   Level
 Beastly Appendage        Tmut           14%        N/A       10%         1
 Wereblood                Tmut           7%         N/A       16%         2
 Spider Form              Tmut/Pois      7%         N/A       30%         3
 Iskenderun's Mystic Bla  Conj/Tloc      7%         2d4       69%         4
 Starburst                Conj/Fire      3%         6d3       100%        6


Dungeon Overview and Level Annotations

Branches:
Dungeon (7/15)             Temple (1/1) D:6

Altars:
Cheibriados
Dithmenos
Elyvilon
Fedhas
Gozag
Hepliaklqana
Kikubaaqudgha
Makhleb
Okawaru
Ru
Sif Muna
Trog
Uskayaw
Vehumet
Wu Jian
Yredelemnul
Zin
The Shining One

Shops:
D:3 *

Annotations:
D:6 3 runed translucent doors, witty6's ghost, novice MiBe


Innate Abilities, Weirdness & Mutations

You are very small and have problems with some larger weapons.
You are too small for most types of armour.
You have supernaturally acute eyesight. (SInv)
You cover ground extremely quickly. (Speed+++)


Message History

The bullfrog misses you.
Unknown command.
Unknown command.
Unknown command.
Unknown command.
Unknown command.
Unknown command.
The gnoll shaman mumbles some strange prayers to its god against you.
You are outlined in light.
Things that are here:
a scroll of identify; a bullfrog corpse Unknown command.
Unknown command.
Casting: Ensorcelled Hibernation (safe; 2% risk of failure)
Confirm with . or Enter, or press ? or * to list all spells.
Aiming: Ensorcelled Hibernation (safe; 2% risk of failure)
Press: ? - help, Shift-Dir - straight line, f/p - bullfrog
Aim: a bullfrog (inner flame, chance to affect: 54%)
The bullfrog looks drowsy...
Unknown command.
Okay, then.
Unknown command.
Unknown command.
The helpless bullfrog fails to defend itself.
You stick the bullfrog like a pincushion!!!
Dithmenos accepts your kill.
The bullfrog explodes!
The fiery explosion engulfs you! You resist.
* * * LOW HITPOINT WARNING * * *
The fiery explosion engulfs the orc wizard!!
Dithmenos accepts your kill.
The orc wizard explodes!
The fiery explosion engulfs the phantom!!
Dithmenos accepts your kill.
The phantom explodes!
Dithmenos accepts your kill.
You feel a bit more experienced.
You hear an explosion!
You are engulfed in blazing flames.
You resist.
You die...

##..........##.... #
##............:.... #
##.................. #
###......#.....#.....# #
#..[.###.#.###.#.###.#
###.#......#.....#.....#
....##........#.....#o.$..
.######...###.#.###§#$###.#
.# ##.... .#.@§§§#o.[..# .#
##.......§#§§=u.#..... ##
....###.#.###:# ##. # ....
..#g. .# # . ......# .. .#
...###.# ### .# .#.. .# .#
#.##. .. . ..


You could see a purple ugly thing (inner flame, drained).

Vanquished Creatures
  A manticore (D:7)
  A troll (D:7)
  A dancing weapon (D:5)
  Menkaure (D:5)
  2 water moccasins
  Duvessa (D:5)
  A centaur (D:6)
  A phantom (D:7)
  3 bullfrogs
  A scorpion (D:5)
  A necrophage (D:5)
  Dowan (D:5)
  A howler monkey (D:6)
  A jelly (D:5)
  2 gnoll shamans
  5 orc wizards
  Natasha (thrice) (D:3)
  An iguana (D:5)
  5 gnolls
  9 adders
  A shadow imp (D:6)
  An ufetubus (D:5)
  A dart slug (D:4)
  20 orcs
  3 ball pythons
  8 endoplasms
  2 giant cockroaches
  7 goblins
  10 hobgoblins
  3 jackals (D:1)
  2 quokkas
  3 bats (D:1)
  3 frilled lizards
  6 kobolds
  5 rats
117 creatures vanquished.

Vanquished Creatures (collateral kills)
  An ogre (D:4)
  3 gnolls
  3 orcs
  A kobold (D:3)
8 creatures vanquished.

Vanquished Creatures (others)
  2 dancing weapons (D:6)
2 creatures vanquished.

Grand Total: 127 creatures vanquished

Notes
Turn   | Place    | Note
-------+----------+-------------------------------------------
     0 | D:1      | knvklrw the Spriggan Enchanter began the quest for the Orb.
     0 | D:1      | Reached XP level 1. HP: 9/9 MP: 5/5
   146 | D:1      | Reached XP level 2. HP: 13/13 MP: 7/7
   149 | D:1      | Learned a level 2 spell: Ensorcelled Hibernation
  1231 | D:2      | Found a faded altar of an unknown god.
  1238 | D:2      | Reached XP level 3. HP: 13/16 MP: 9/9
  1242 | D:2      | Learned a level 3 spell: Tukima's Dance
  1246 | D:2      | Learned a level 3 spell: Confusing Touch
  2213 | D:3      | Reached XP level 4. HP: 13/21 MP: 11/11
  2235 | D:3      | HP: 1/21 [hobgoblin (4)]
  2590 | D:3      | Reached skill level 5 in Hexes
  2684 | D:3      | Found a snail-covered altar of Cheibriados.
  2684 | D:3      | Found a burning altar of Makhleb.
  2749 | D:3      | Found Bimufiof's Assorted Antiques.
  2753 | D:3      | Bought a scroll labelled LEWUPL ELIM for 25 gold pieces
  2931 | D:3      | Found a bloodstained altar of Trog.
  3008 | D:3      | Noticed Natasha
  3015 | D:3      | Killed Natasha
  3080 | D:3      | Found a shimmering blue altar of Sif Muna.
  3183 | D:3      | Noticed Natasha
  3418 | D:3      | Killed Natasha
  3419 | D:3      | Reached XP level 5. HP: 22/24 MP: 8/13
  3509 | D:3      | Noticed Natasha
  3515 | D:3      | Killed Natasha
  3516 | D:3      | Reached skill level 5 in Spellcasting
  3528 | D:3      | Bought 2 red potions for 45 gold pieces
  3652 | D:4      | Noticed an ogre
  3661 | D:4      | Killed an ogre
  3662 | D:4      | Reached skill level 5 in Stealth
  3732 | D:4      | Found an ornate altar of the Wu Jian Council.
  3753 | D:4      | Reached XP level 6. HP: 27/28 MP: 11/15
  4169 | D:4      | Found a blossoming altar of Fedhas.
  4397 | D:5      | Entered Level 5 of the Dungeon
  4416 | D:5      | Reached skill level 6 in Stealth
  4485 | D:5      | Noticed Dowan
  4487 | D:5      | Noticed Duvessa
  4488 | D:5      | Noticed a water moccasin
  4682 | D:5      | Killed a water moccasin
  4810 | D:5      | Reached XP level 7. HP: 32/32 MP: 17/17
  4904 | D:5      | Killed Duvessa
  4905 | D:5      | Reached skill level 7 in Stealth
  4909 | D:5      | Killed Dowan
  5136 | D:5      | Noticed Menkaure
  5146 | D:5      | Killed Menkaure
  5530 | D:5      | Found an iron altar of Okawaru.
  5544 | D:5      | Reached skill level 8 in Stealth
  5949 | D:6      | Found a staircase to the Ecumenical Temple.
  5952 | D:6      | Reached XP level 8. HP: 36/36 MP: 20/20
  5966 | Temple   | Entered the Ecumenical Temple
  6676 | D:6      | Learned a level 3 spell: Dazzling Flash
  6766 | D:6      | Found a runed translucent gate.
  6767 | D:6      | Found a runed translucent gate.
  6767 | D:6      | Found a runed translucent gate.
  6768 | D:6      | Noticed witty6's ghost (novice MiBe)
  7195 | D:6      | Found a glowing golden altar of the Shining One.
  7274 | D:7      | Found a shadowy altar of Dithmenos.
  7280 | D:7      | Reached skill level 9 in Stealth
  7293 | D:7      | Became a worshipper of Dithmenos the Shadowed
  7491 | D:7      | Noticed a troll
  7502 | D:7      | Killed a troll
  7552 | D:7      | Noticed a manticore
  7561 | D:7      | Killed a manticore
  7562 | D:7      | Reached skill level 10 in Stealth
  7583 | D:7      | Reached XP level 9. HP: 39/39 MP: 21/23
  7583 | D:7      | Noticed a purple ugly thing
  7595 | D:7      | Engulfed by a cloud of flame

Illustrated notes

Levels and vault maps discovered:
D:1:      amcnicky_arrival_choice, layout_loops_ring, corexii_leaking_fountain
D:2:      layout_rooms, dreamdust_ecumenical_altar_hidden_monk_grotto
D:3:      layout_loops_ring, mainiacjoe_overflow_small_starburst,
          chequers_temple_overflow_statue_of_worship,
          mainiacjoe_overflow_alcove_4, serial_shops, shop,
          kennysheep_generic_room_3, uniq_natasha
D:4:      layout_basic, mainiacjoe_overflow_concentric_impassable,
          kennysheep_mini_moat
D:5:      layout_basic, mainiacjoe_overflow_alcove_1, nrook_pool_corridor,
          uniq_menkaure, uniq_duvessa
D:6:      layout_loops_ring, nicolae_tso_swordbearing_angel,
          minmay_temple_entry_mini_moons, ebering_ghost_rock_garden,
          kennysheep_nub
D:7:      hangedman_cross_stitches, layout_rooms,
          nicolae_dithmenos_the_darkroom, mainiacjoe_overflow_tiny_flanked,
          corexii_checkpoint_a
Temple:   compressed_dpeg_triangle_lava_temple

Skill      XL: |  1  2  3  4  5  6  7  8 |
---------------+-------------------------+-----
Spellcasting   | 3 4 5 6 7 9 |  9.0
Hexes          | 4 5 6 7 9 |  9.3
Stealth        | 5 6 8 10 | 10.5
Short Blades   | |  1.1
Dodging        | |  2.6

Action                   |  1- 3 |  4- 6 |  7- 9 || total
-------------------------+-------+-------+-------++-------
Melee: Dagger            |    99 |    80 |   112 ||   291
       Punch             |       |       |     1 ||     1
 Cast: Ensorcelled Hiber |    14 |    23 |    24 ||    61
       Tukima's Dance    |       |     9 |    14 ||    23
       Confusing Touch   |       |     1 |     3 ||     4
  Use: Scroll            |     3 |    10 |     8 ||    21
       Potion            |       |     1 |     3 ||     4
 Stab: Sleeping          |    22 |    22 |    21 ||    65
       Confused          |       |     1 |     3 ||     4
Armor: Robe              |    10 |     5 |    13 ||    28
Dodge: Dodged            |    78 |    52 |    97 ||   227

Table legend: (Time is in decaauts)
 A = Elapsed time spent in this place.
 B = Non-inter-level travel time spent in this place.
 C = Inter-level travel time spent in this place.
 D = Time resting spent in this place.
 E = Time spent auto-exploring this place.
 F = Levels seen in this place.
 G = Mean time per level.
                   A        B        C        D        E       F      G
               +--------+--------+--------+--------+--------+-----+--------+
         Total |   5977 |   5789 |    188 |    706 |   4131 |   8 |  747.1 |
       Dungeon |   5759 |   5579 |    180 |    703 |   3934 |   7 |  822.7 |
        Temple |    217 |    210 |      7 |      3 |    196 |   1 |  217.0 |
               +--------+--------+--------+--------+--------+-----+--------+

Top non-repeatable levels by time:
     D:3: 1130 daAuts
     D:5: 1069 daAuts
     D:2: 940 daAuts
     D:1: 838 daAuts
     D:6: 752 daAuts
     D:4: 735 daAuts
     D:7: 292 daAuts
  Temple: 217 daAuts
